 Dungeon Crawl Stone Soup version 0.25-a0-632-g7713895373 (webtiles) character file.

Game seed: 14898759858073106651, levelgen mode: deterministic

7135 Flubbersnuff the Severer (level 10, -1/84 HPs)
             Began as a Minotaur Fighter on Mar 19, 2020.
             Was an Elder of Qazlal.
             Slain by a vampire (6 damage)
             ... on level 10 of the Dungeon.
             The game lasted 00:49:42 (10505 turns).

Flubbersnuff the Severer (Minotaur Fighter)        Turns: 10505, Time: 00:49:43

Health: -1/84      AC: 15    Str: 25    XL:     10   Next: 85%
Magic:  9/9        EV:  5    Int:  5    God:    Qazlal [****..]
Gold:   479        SH: 16    Dex:  9    Spells: 9/9 levels left

rFire    . . .     SeeInvis .   a - +0 war axe
rCold    . . .     Gourm    .   c - +1 kite shield
rNeg     . . .     Faith    .   n - +0 plate armour
rPois    .         Spirit   .   (helmet restricted)
rElec    .         Reflect  .   (no cloak)
rCorr    .         Harm     .   q - +0 pair of gloves
MR       .....                  (no boots)
Stlth    ..........             (no amulet)
HPRegen  0.24/turn              B - +1 ring of protection
MPRegen  0.11/turn              u - ring of flight

@: repel missiles
A: retaliatory headbutt, horns 2
a: Upheaval, Elemental Force, Renounce Religion, Evoke Flight


You were on level 10 of the Dungeon.
You worshipped Qazlal.
Qazlal was greatly pleased with you.
You were not hungry.

You visited 2 branches of the dungeon, and saw 11 of its levels.
You also visited: Ossuary.

You collected 479 gold pieces.

Inventory:

Hand Weapons
 a - a +0 war axe (weapon)
 b - a +1 trident of venom
Missiles
 j - 15 poisoned darts (quivered)
Armour
 c - a +1 kite shield (worn)
 n - a +0 plate armour (worn)
 q - a +0 pair of gloves (worn)
Jewellery
 u - a ring of flight (right hand)
 B - a +1 ring of protection (left hand)
 F - an uncursed ring of positive energy
Wands
 t - a wand of disintegration (30)
 z - a wand of digging (11)
 H - a wand of paralysis (6)
Scrolls
 d - a scroll of vulnerability {unknown}
 e - 2 scrolls of silence
 g - 2 scrolls of teleportation
 h - 5 scrolls of remove curse
 i - a scroll of enchant weapon
 l - 2 scrolls of magic mapping
 m - a scroll of identify
 s - a scroll of immolation
 w - 3 scrolls of amnesia
 y - 2 scrolls of enchant armour
 D - a scroll of fog {unknown}
 E - a scroll of fear
 G - a scroll of blinking
Potions
 k - 2 potions of haste
 o - 8 potions of curing
 p - 4 potions of flight
 r - 4 potions of cancellation
 v - a potion of might
 x - 3 potions of lignification {unknown}
 A - a potion of invisibility {unknown}
 C - a potion of stabbing {unknown}
Comestibles
 f - 23 rations


   Skills:
 + Level 6.4 Fighting
 - Level 16.2(16.4) Axes
 * Level 3.2(11.4) Polearms
 + Level 6.6 Armour
 + Level 6.5 Shields


You had 9 spell levels left.
You didn't know any spells.
Your spell library contained the following spells:

 Spells                   Type           Power        Failure   Level  Hunger
 Confusing Touch          Hex            #.......     100%        3    ####...
 Gell's Gravitas          Tloc           #.........   100%        3    ####...
 Petrify                  Tmut/Erth      #.......     100%        4    #####..
 Metabolic Englaciation   Hex/Ice        #.........   100%        5    ######.
 Yara's Violent Unravell  Hex/Tmut       #.........   100%        5    ######.


Dungeon Overview and Level Annotations

Branches:
Dungeon (10/15)            Temple (1/1) D:6         Ossuary (visited)
   Lair: D:8-11         Orc: D:9-12

Altars:
Ashenzari
Cheibriados
Dithmenos
Elyvilon
Fedhas
Gozag
Hepliaklqana
Kikubaaqudgha
Makhleb
Nemelex Xobeh
Okawaru
Qazlal
Ru
Sif Muna
Trog
Uskayaw
Vehumet
Wu Jian
Xom
Yredelemnul
Zin
The Shining One

Shops:
D:6 *


Innate Abilities, Weirdness & Mutations

You reflexively headbutt those who attack you in melee.
You have a pair of horns on your head.


Message History

* * * LOW HITPOINT WARNING * * *
Something draws strength from your injuries!
Your +1 trident of venom stops dripping with poison.
a - a +0 war axe (weapon)
You bump into the rock wall.
Something hits you but does no damage. Something bites you.
* * * LOW HITPOINT WARNING * * *
Something draws strength from your injuries!
You bump into the rock wall.
You feel less confused. Something hits you but does no damage.
Something bites you but does no damage.
You hit something but do no damage. You block something's attack.
Something bites you but does no damage.
You hit something. You headbutt something.
Something hits you but does no damage. Something bites you.
* * * LOW HITPOINT WARNING * * *
Something draws strength from your injuries!
You slash something! Your headbutt misses something.
You closely miss something. Your headbutt misses something. Something hits you.
You die...

.......
#.# #.#
#.# #.#
### #.#
#.# #.#
#.# #.#
#.#
#.###.#
#..@{.#
#####.#
#.# #.#
... ...
#.##
...


There were no monsters in sight!

Vanquished Creatures
  2 two-headed ogres (D:9)
  2 hornets (D:8)
  6 yaks
  A steam dragon (D:6)
  A soldier ant (D:8)
  An orc warrior (D:9)
  2 ice beasts
  5 ogres
  4 sky beasts
  A wolf (D:8)
  2 centaurs (D:9)
  A big kobold (D:7)
  An elf zombie (Ossuary)
  3 gnoll sergeants (D:8)
  A bullfrog (D:6)
  4 scorpions
  3 crimson imps
  4 centaur zombies (Ossuary)
  A quasit (D:8)
  A jelly (D:7)
  4 orc priests
  12 hounds
  2 human zombies (Ossuary)
  A bullfrog skeleton (D:4)
  5 gnoll shamans
  Jessica (D:2)
  Terence (D:3)
  5 orc wizards
  12 worker ants
  5 iguanas
  A killer bee zombie (D:7)
  3 big kobold zombies (Ossuary)
  A hound zombie (D:7)
  2 mummies (Ossuary)
  2 hound skeletons
  Robin (D:4)
  A howler monkey zombie (D:7)
  33 gnolls
  A worker ant zombie (D:6)
  A howler monkey skeleton (D:5)
  9 adders
  A shadow imp (D:9)
  2 adder zombies
  5 worms
  A dart slug (D:3)
  4 leopard geckos
  12 orcs
  4 giant cockroaches
  10 goblins
  13 hobgoblins
  29 jackals
  3 quokkas
  A ball python (D:3)
  4 bats
  9 frilled lizards
  7 hobgoblin zombies (Ossuary)
  3 jackal zombies
  6 kobolds
  9 kobold zombies (Ossuary)
  A leopard gecko skeleton (D:4)
  9 orc zombies (Ossuary)
  A rat (D:2)
283 creatures vanquished.

Vanquished Creatures (others)
  A steam dragon (D:6)
1 creature vanquished.

Grand Total: 284 creatures vanquished

Notes
Turn   | Place    | Note
-------+----------+-------------------------------------------
     0 | D:1      | Flubbersnuff the Minotaur Fighter began the quest for the
                  | Orb.
     0 | D:1      | Reached XP level 1. HP: 19/19 MP: 0/0
   255 | D:1      | Reached skill level 3 in Axes
   304 | D:1      | Reached XP level 2. HP: 24/26 MP: 1/1
   448 | D:1      | You fall into a shaft and drop 1 floor!
   849 | D:2      | Reached skill level 4 in Axes
   904 | D:2      | Reached XP level 3. HP: 29/31 MP: 2/2
  1265 | D:2      | Noticed Jessica
  1492 | D:2      | Killed Jessica
  1492 | D:2      | Reached skill level 5 in Axes
  1492 | D:2      | Reached XP level 4. HP: 36/39 MP: 3/3
  1834 | D:3      | Found a faded altar of an unknown god.
  1890 | D:3      | Reached skill level 6 in Axes
  1906 | D:3      | Reached XP level 5. HP: 45/45 MP: 4/4
  2029 | D:2      | Reached skill level 7 in Axes
  2760 | D:3      | Noticed Terence
  2771 | D:3      | Killed Terence
  2771 | D:3      | Reached XP level 6. HP: 52/52 MP: 5/5
  2835 | D:3      | Found an ornate altar of the Wu Jian Council.
  2835 | D:3      | Found an opulent altar of Gozag.
  2973 | D:4      | Noticed Robin
  3186 | D:4      | Killed Robin
  3260 | D:4      | Reached skill level 8 in Axes
  3555 | D:4      | Reached XP level 7. HP: 60/60 MP: 6/6
  4012 | D:5      | Entered Level 5 of the Dungeon
  4132 | D:5      | Reached skill level 5 in Armour
  4899 | D:5      | Reached skill level 9 in Axes
  5029 | D:6      | Found a sparkling altar of Nemelex Xobeh.
  5235 | D:6      | Reached XP level 8. HP: 67/67 MP: 7/7
  5238 | D:6      | Found a staircase to the Ecumenical Temple.
  5244 | Temple   | Entered the Ecumenical Temple
  5252 | Temple   | Became a worshipper of Qazlal Stormbringer
  5271 | D:6      | Reached skill level 10 in Axes
  6055 | D:6      | Found Hauchext's Assorted Antiques.
  6205 | D:7      | Reached skill level 5 in Shields
  6211 | D:7      | Reached skill level 11 in Axes
  6486 | D:7      | Found a glowing silver altar of Zin.
  6905 | D:7      | Reached * piety under Qazlal
  6909 | D:7      | Reached XP level 9. HP: 72/72 MP: 8/8
  7047 | D:7      | Reached skill level 12 in Axes
  7098 | D:7      | Reached skill level 5 in Fighting
  7384 | D:8      | Found a sand-covered staircase.
  7389 | Ossuary  | Entered an ossuary
  7461 | Ossuary  | Reached ** piety under Qazlal
  7817 | D:8      | Reached skill level 13 in Axes
  7946 | D:8      | Reached skill level 14 in Axes
  8063 | D:8      | Reached *** piety under Qazlal
  8282 | D:8      | Found a basalt altar of Yredelemnul.
  8315 | D:8      | Reached XP level 10. HP: 50/83 MP: 9/9
  8862 | D:9      | Noticed a two-headed ogre
  9026 | D:9      | Killed a two-headed ogre
  9026 | D:9      | Reached skill level 15 in Axes
  9496 | D:9      | Reached **** piety under Qazlal
  9664 | D:9      | Noticed a two-headed ogre
  9671 | D:9      | Killed a two-headed ogre
  9671 | D:9      | Reached skill level 16 in Axes
  9708 | D:9      | Reached skill level 1 in Polearms
 10429 | D:10     | Entered Level 10 of the Dungeon
 10505 | D:10     | Slain by a vampire

Levels and vault maps discovered:
D:1:      scummos_arrival_simple_crosswalls, layout_loops_cross
D:2:      layout_basic, uniq_jessica
D:3:      layout_rooms, gammafunk_temple_overflow_elements,
          chequers_ecumenical_altar_simple_redux, uniq_terence
D:4:      layout_loops_cross, uniq_robin
D:5:      layout_cave_pods, first_ration
D:6:      kennysheep_steamy, layout_loops_cross,
          minmay_temple_entry_enclosed_plants, serial_shops, kennysheep_mini,
          nemelex_xobeh_ov_fountains_minmay
D:7:      layout_basic, zin_statuary
D:8:      layout_cave_pools, kennysheep_mini_moat, serial_gnoll_camp,
          gnoll_camp_medium_02, gnoll_camp_huts_basic,
          gnoll_camp_mini_loothouse, gnoll_camp_mini_house, gnoll_camp_mini_hut,
          gnoll_camp_mini_doghouse, enter_ossuary_5, hangedman_pestilent_swarm,
          kennysheep_generic_room_14
D:9:      layout_cave_pools, serial_column_ruins, column_ruins_columns_dead_end,
          column_ruins_open_tiny, column_ruins_open_small, column_ruins_grid_1,
          st_stairs_11
D:10:     layout_basic
Temple:   nicolae_temple_no_exploring_needed

Skill      XL: |  1  2  3  4  5  6  7  8  9 10 |
---------------+-------------------------------+-----
Axes           | 3 4 5 6 7 8 9 11 14 16 | 16.2
Fighting       | 4 6 |  6.4
Armour         | 4 6 |  6.6
Shields        | 6 |  6.5
Polearms       | 3 |  3.2

Action                   |  1- 3 |  4- 6 |  7- 9 | 10-12 || total
-------------------------+-------+-------+-------+-------++-------
Melee: War axe           |    72 |   167 |   339 |    29 ||   607
       Headbutt          |    10 |    28 |    87 |    37 ||   162
       Trident           |       |       |   153 |   164 ||   317
Throw: Dart              |       |       |    19 |     4 ||    23
  Use: Scroll            |       |     5 |    18 |       ||    23
       Potion            |       |     1 |     1 |     1 ||     3
  Eat: Chunk             |     1 |     7 |    16 |     6 ||    30
       Ration            |       |       |       |     1 ||     1
Armor: Scale mail        |    27 |     6 |       |       ||    33
       Plate armour      |       |   148 |   219 |    62 ||   429
       Chain mail        |       |       |     8 |       ||     8
       Skin              |       |       |     2 |       ||     2
Dodge: Dodged            |    16 |    38 |    72 |    19 ||   145
Block: Kite shield       |    35 |   127 |   276 |   106 ||   544

Table legend:
 A = Non-vault XP
 B = Vault XP
 C = Vault XP percentage of total XP
 D = Non-vault monster count
 E = Vault monster count
 F = Vault count percentage of total count
                 A         B        C        D         E       F
            +---------+---------+-------+---------+---------+-------
      Total |    7149 |    3044 |  29.9 |     180 |     104 |  36.6
            +---------+---------+-------+---------+---------+-------
        D:1 |      14 |       0 |   0.0 |       8 |       0 |   0.0
        D:2 |      84 |      37 |  30.6 |      20 |       1 |   4.8
        D:3 |     233 |      46 |  16.5 |      32 |       6 |  15.8
        D:4 |     348 |      26 |   7.0 |      23 |       6 |  20.7
        D:5 |     297 |       0 |   0.0 |      15 |       0 |   0.0
        D:6 |     649 |     314 |  32.6 |      12 |       2 |  14.3
        D:7 |    1136 |       0 |   0.0 |      34 |       0 |   0.0
        D:8 |     514 |    2108 |  80.4 |       9 |      49 |  84.5
        D:9 |    3835 |       6 |   0.2 |      25 |       1 |   3.8
       D:10 |      39 |       0 |   0.0 |       2 |       0 |   0.0
    Ossuary |       0 |     507 | 100.0 |       0 |      39 | 100.0
            +---------+---------+-------+---------+---------+-------
